 Dungeon Crawl Stone Soup version 0.28-a0-401-ge240ad9e29 (webtiles) character file.

Game seed: 4969154817809892589

5953 zdrol the Blocker (level 10, -1/88 HPs)
             Began as a Minotaur Fighter on Sept 4, 2021.
             Killed from afar by an acid dragon (25 damage)
             ... with a splash of acid
             ... on level 9 of the Dungeon.
             The game lasted 00:32:54 (8041 turns).

zdrol the Blocker (Minotaur Fighter)                Turns: 8041, Time: 00:32:56

Health: -1/88      AC: 27    Str: 22    XL:     10   Next: 54%
Magic:  9/9        EV:  3    Int:  7    God:
Gold:   412        SH:  0    Dex: 14    Spells: 8/9 levels left

rFire   + . .      SeeInvis .   x - +2 rapier of Frustration {venom, +Rage Fly}
rCold   . . .      Faith    .   q - +1 kite shield {rF+}
rNeg    + . .      Spirit   .   n - +0 crystal plate armour
rPois   .          Reflect  .   (helmet restricted)
rElec   +          Harm     .   j - +0 cloak
rCorr   .          Rampage  .   e - +1 pair of gloves
Will    .....                   (no boots)
Stlth   ..........              (no amulet)
HPRegen 0.24/turn               E - ring of positive energy
MPRegen 0.11/turn               o - ring "Edghuson" {*Corrode rElec AC+4 Int+2 Dex+2}

@: confused, flying
A: horns 2, retaliatory headbutt
a: Evoke Berserk Rage


You were on level 9 of the Dungeon.
You visited 1 branch of the dungeon, and saw 8 of its levels.

You collected 412 gold pieces.

Inventory:

Hand Weapons
 a - a +0 flail
 b - a +2 long sword of electrocution
 x - the +2 rapier of Frustration (weapon) {venom, +Rage Fly}
   (You found it on level 6 of the Dungeon)

   It poisons the flesh of those it strikes.
   Fly:       It grants you flight.
   +Rage:     It lets you go berserk.
Missiles
 H - 16 poisoned darts
Armour
 c - a +0 buckler
 e - a +1 pair of gloves (worn)
 j - a +0 cloak (worn)
 n - a +0 crystal plate armour (worn)
 q - a +1 kite shield of fire resistance (worn)
Jewellery
 h - a ring of magical power
 o - the ring "Edghuson" (right hand) {*Corrode rElec AC+4 Int+2 Dex+2}
   (You found it on level 3 of the Dungeon)

   [ring of protection]

   AC:        It affects your AC (+4).
   Int:       It affects your intelligence (+2).
   Dex:       It affects your dexterity (+2).
   rElec:     It insulates you from electricity.
   *Corrode:  It may corrode you when you take damage.
 E - a ring of positive energy (left hand)
Wands
 f - a wand of polymorph (7)
 r - a wand of charming (19)
 w - a wand of iceblast (8) (quivered)
 F - a wand of acid (8)
Scrolls
 g - 2 scrolls of amnesia {unknown}
 l - a scroll of magic mapping {unknown}
 t - 2 scrolls of immolation {unknown}
 u - a scroll of vulnerability {unknown}
 v - a scroll of enchant weapon {unknown}
 y - 2 scrolls of noise {unknown}
 A - a scroll of holy word {unknown}
 B - a scroll of acquirement {unknown}
 C - 2 scrolls of identify
 D - 2 scrolls of enchant armour {unknown}
Potions
 d - a potion of might
 i - 2 potions of cancellation
 k - a potion of heal wounds
 m - 2 potions of lignification {unknown}
 p - 2 potions of curing
 s - a potion of brilliance {unknown}
 z - a potion of attraction {unknown}


   Skills:
 + Level 8.0 Fighting
 + Level 6.4(8.1) Short Blades
 + Level 8.4(9.6) Long Blades
 + Level 5.2 Maces & Flails
 + Level 9.6 Armour
 + Level 1.4 Dodging
 + Level 0.1 Stealth
 + Level 9.7 Shields
 + Level 0.7 Evocations


You had 8 spell levels left.
You knew the following spells:

 Your Spells              Type           Power      Damage    Failure   Level
a - Sting                 Tmut/Pois      0%         1d3       100%        1

Your spell library contained the following spells:

 Spells                   Type           Power      Damage    Failure   Level
 Blink                    Tloc           N/A        N/A       100%        2
 Corpse Rot               Necr/Air       N/A        N/A       100%        2
 Stone Arrow              Conj/Erth      0%         3d7       100%        3
 Animate Armour           Summ/Erth      0%         N/A       100%        4
 Dispel Undead            Necr           0%         3d6       100%        4
 Manifold Assault         Tloc           0%         N/A       100%        5
 Death Channel            Necr           0%         N/A       100%        6
 Storm Form               Tmut/Air       0%         N/A       100%        7
 Lehudib's Crystal Spear  Conj/Erth      0%         10d2      100%        8


Dungeon Overview and Level Annotations

Branches:
Dungeon (9/15)             Temple (0/1) D:5
   Lair: D:8-11         Orc: D:9-12

Altars:
Vehumet

Shops:
D:2 [


Innate Abilities, Weirdness & Mutations

You have a pair of horns on your head.
You reflexively headbutt those who attack you in melee.


Message History

The yak gores you.
* * * LOW HITPOINT WARNING * * *
You hit the yak.
The yak looks as sick as possible!
The yak is severely wounded.
The yak gores you but does no damage. The acid dragon spits acid at you.
You block the splash of acid.
You puncture the yak!
The yak looks as sick as possible!
The yak is almost dead.
You kill the yak!
You block the acid dragon's attack. x2
You barely miss the acid dragon. You block the acid dragon's attack.
The acid dragon claws you but does no damage.
You barely miss the acid dragon.
The acid dragon bites you but does no damage.
The acid dragon claws you but does no damage.
You puncture the acid dragon! Your headbutt misses the acid dragon.
The acid dragon is moderately wounded.
A golden eye comes into view.
You block the acid dragon's attack.
The acid dragon claws you but does no damage.
You barely miss the acid dragon.
The acid dragon is moderately wounded.
The golden eye blinks!
You block the acid dragon's attack. x2
You hit the acid dragon but do no damage.
Your headbutt misses the acid dragon.
The acid dragon is moderately wounded.
The golden eye blinks at you.
You are confused.
The acid dragon bites you but does no damage.
The acid dragon barely misses you.
You're too confused to cast spells.
You hit the acid dragon but do no damage.
Your headbutt misses the acid dragon.
The acid dragon is moderately wounded.
The golden eye blinks at you.
You are more confused.
The acid dragon spits acid at you. The splash of acid hits you!!
You die...

### .######'##...... #...
.........#...... #...
.........#...... #...
.........#......
#...#+#######...#.....<
#.8.........#...#......
..#......8....#...#......
..'...)D......#...#......
###..($$@†#'###...#......
.....G/...#.(.....#......
...8......#.......#......
........8.#.......#......
#####+#...#...#####
#...#...# #...#...#
#...#...# #...#


You could see an acid dragon (catching breath) and a golden eye.

Vanquished Creatures
  A centaur warrior (D:9)
  The ghost of CraigForest the Gusty, a novice TeAE of Gozag (D:7)
  A hornet (D:7)
  A slime creature (D:9)
  A centaur simulacrum (D:9)
  5 yaks
  2 shadows
  A wyvern (D:9)
  2 water moccasins (D:7)
  A sky beast (D:6)
  An orc warrior (D:6)
  3 necrophages
  3 black bears
  4 ice beasts
  2 ogres
  2 centaurs
  2 phantoms
  A wyvern zombie (D:6)
  3 scorpions
  A water moccasin zombie (D:7)
  4 killer bees
  6 wights
  4 centaur zombies
  2 hounds (D:7)
  A bullfrog skeleton (D:6)
  2 centaur skeletons
  A scorpion zombie (D:5)
  Terence (D:2)
  3 iguanas (D:6)
  Natasha (twice) (D:2)
  2 orc wizards (D:6)
  2 killer bee zombies
  2 hound zombies (D:5)
  A hound skeleton (D:5)
  A mummy (D:7)
  4 gnolls
  9 adders
  A howler monkey skeleton (D:6)
  2 white imps
  An ufetubus (D:7)
  3 worms
  14 orcs
  5 endoplasms
  4 giant cockroaches
  3 goblins
  A hobgoblin (D:2)
  5 kobolds
  5 quokkas
  8 ball pythons
  4 bats (D:2)
  4 frilled lizards
  10 rats
155 creatures vanquished.

Vanquished Creatures (others)
  A vampire (D:7)
  A hornet simulacrum (D:7)
  A centaur skeleton (D:7)
3 creatures vanquished.

Grand Total: 158 creatures vanquished

Notes
Turn   | Place    | Note
-------+----------+-------------------------------------------
     0 | D:1      | zdrol the Minotaur Fighter began the quest for the Orb.
     0 | D:1      | Reached XP level 1. HP: 19/19 MP: 0/0
   309 | D:1      | Reached XP level 2. HP: 27/27 MP: 1/1
   749 | D:2      | Reached XP level 3. HP: 33/33 MP: 2/2
   954 | D:2      | Noticed Natasha
   964 | D:2      | Killed Natasha
  1040 | D:2      | Reached XP level 4. HP: 40/40 MP: 3/3
  1198 | D:2      | Noticed Natasha
  1204 | D:2      | Killed Natasha
  1384 | D:2      | Found Detzik's Antique Armour Shoppe.
  1451 | D:2      | Noticed Terence
  1458 | D:2      | Killed Terence
  1459 | D:2      | Reached skill level 5 in Armour
  1459 | D:2      | Reached skill level 1 in Dodging
  1459 | D:2      | Reached XP level 5. HP: 34/47 MP: 4/4
  1912 | D:3      | Found a faded altar of an unknown god.
  1932 | D:3      | Got Plato's Papyrus of Intoxication
  2045 | D:3      | Identified the ring "Edghuson" {*Corrode rElec AC+4 Int+2
                  | Dex+2}
  2394 | D:3      | You fall into a shaft and drop 2 floors!
  2394 | D:5      | Entered Level 5 of the Dungeon
  2416 | D:5      | Noticed an ice beast
  2418 | D:5      | Killed an ice beast
  2419 | D:5      | Reached XP level 6. HP: 55/55 MP: 5/5
  2432 | D:5      | Reached skill level 5 in Fighting
  2434 | D:5      | Reached skill level 1 in Long Blades
  2494 | D:5      | Reached skill level 5 in Maces & Flails
  2548 | D:5      | Found a staircase to the Ecumenical Temple.
  2598 | D:5      | Reached XP level 7. HP: 61/61 MP: 6/6
  2740 | D:5      | Upgraded the game from 0.28-a0-390-gb254ac4902 to
                  | 0.28-a0-401-ge240ad9e29
  2873 | D:5      | Reached skill level 5 in Shields
  2906 | D:5      | Found a radiant altar of Vehumet.
  3254 | D:6      | Reached skill level 5 in Long Blades
  3254 | D:6      | Reached XP level 8. HP: 38/70 MP: 7/7
  3459 | D:6      | HP: 3/70 [iguana (10)]
  3938 | D:6      | Identified the +2 rapier of Frustration {venom, +Rage Fly}
  4545 | D:7      | Noticed a hornet
  4562 | D:7      | Killed a hornet
  4563 | D:7      | Reached XP level 9. HP: 24/78 MP: 8/8
  5119 | D:7      | Found a transporter.
  5128 | D:7      | Found a transporter.
  5128 | D:7      | Noticed CraigForest's ghost (novice TeAE)
  5151 | D:7      | Reached skill level 1 in Short Blades
  5208 | D:7      | Killed CraigForest's ghost
  5588 | D:7      | Learned a level 1 spell: Sting
  6589 | D:8      | Reached XP level 10. HP: 82/86 MP: 9/9
  6925 | D:8      | Reached skill level 5 in Short Blades
  7934 | D:9      | Noticed a centaur warrior
  7971 | D:9      | Killed a centaur warrior
  8041 | D:9      | Killed from afar by an acid dragon

Illustrated notes

Levels and vault maps discovered:
D:1:      wheals_arrival_shading, layout_basic, minmay_misc_feat_pillars
D:2:      layout_loops_corners, serial_shops, shop, uniq_terence, uniq_natasha
D:3:      layout_loops_cross, shapermc_ecumenical_altar_rom_forum,
          minmay_checkerbox
D:5:      layout_rooms, mainiacjoe_overflow_alcove_2,
          minmay_temple_entry_drinking_statues, minmay_between
D:6:      layout_basic, gup_sewer_entry_bowl, minmay_bent
D:7:      minmay_razor_zed, layout_basic, gammafunk_ghost_mausoleum,
          minivault_24
D:8:      layout_basic, hangedman_decor_clover_reticule
D:9:      kennysheep_blocky_room, layout_irregular_city, lair_entry_dummy,
          orc_0_dummy, small_statue_intersection, kennysheep_generic_room_12

Skill      XL: |  1  2  3  4  5  6  7  8  9 10 |
---------------+-------------------------------+-----
Fighting       | 4 5 6 7 8 |  8.0
Armour         | 4 5 6 7 8 9 |  9.6
Maces & Flails | 3 4 5 |  5.2
Shields        | 4 5 7 9 |  9.7
Dodging        | 1 |  1.4
Long Blades    | 2 5 8 |  8.4
Short Blades   | 4 6 |  6.4
Stealth        | |  0.1
Evocations     | |  0.7

Action                   |  1- 3 |  4- 6 |  7- 9 | 10-12 || total
-------------------------+-------+-------+-------+-------++-------
Melee: Flail             |    66 |    54 |       |       ||   120
       Headbutt          |     6 |    18 |    71 |    22 ||   117
       Long sword        |       |    41 |   127 |       ||   168
       Rapier            |       |       |   142 |    88 ||   230
Evoke: Wand              |       |       |       |     3 ||     3
  Use: Scroll            |       |       |     2 |       ||     2
       Potion            |       |       |     1 |     2 ||     3
Armor: Scale mail        |    39 |    10 |       |       ||    49
       Crystal plate arm |       |    78 |   240 |    95 ||   413
Dodge: Dodged            |    32 |    23 |    33 |    11 ||    99
Block: Buckler           |    12 |    13 |       |       ||    25
       Kite shield       |       |    34 |   194 |    80 ||   308

Table legend: (Time is in decaauts)
 A = Elapsed time spent in this place.
 B = Non-inter-level travel time spent in this place.
 C = Inter-level travel time spent in this place.
 D = Time resting spent in this place.
 E = Time spent auto-exploring this place.
 F = Levels seen in this place.
 G = Mean time per level.
                   A        B        C        D        E       F      G
               +--------+--------+--------+--------+--------+-----+--------+
         Total |   8146 |   8146 |      0 |   1468 |   3007 |   8 | 1018.2 |
       Dungeon |   8146 |   8146 |      0 |   1468 |   3007 |   8 | 1018.2 |
               +--------+--------+--------+--------+--------+-----+--------+

Top non-repeatable levels by time:
     D:7: 2082 daAuts
     D:8: 1391 daAuts
     D:6: 1217 daAuts
     D:2: 1138 daAuts
     D:5: 853 daAuts
     D:1: 756 daAuts
     D:3: 537 daAuts
     D:9: 167 daAuts
